 Dungeon Crawl Stone Soup version 0.22-a0-368-g870eee8 (webtiles) character file.

37 Amnesiac the Magician (level 3, -4/26 HPs)
             Began as a Mummy Wizard on Apr 23, 2018.
             Slain by a necrophage (7 damage)
             ... on level 4 of the Dungeon.
             The game lasted 00:02:29 (871 turns).

Amnesiac the Magician (Mummy Wizard)                 Turns: 871, Time: 00:02:30

Health: -4/26      AC:  2    Str: 10    XL:     3   Next: 21%
Magic:  8/8        EV: 12    Int: 18    God:
Gold:   41         SH:  0    Dex: 10    Spells: 1/10 levels left

rFire    x . .     SeeInvis .   e - -3 hand axe (curse)
rCold    + . .     Gourm    .   (no shield)
rNeg     + + +     Faith    .   a - +0 robe
rPois    ∞         Spirit   .   b - +0 hat
rElec    .         Reflect  .   (no cloak)
rCorr    .         Harm     .   (no gloves)
MR       .....                  (no boots)
Stlth    ++........             g - amulet of magic regeneration
HPRegen  0.08/turn              (no ring)
MPRegen  0.36/turn              (no ring)

@: no status effects
A: no food or potions, fire vulnerability, cold resistance 1, negative energy
resistance 3, torment resistance, unbreathing
a: no special abilities


You were on level 4 of the Dungeon.
You were not hungry.

You visited 1 branch of the dungeon, and saw 5 of its levels.

You collected 41 gold pieces.

Inventory:

Hand Weapons
 e - a cursed -3 hand axe (weapon)
 h - a +2 dagger of electrocution
Missiles
 c - 50 stones (quivered)
Armour
 a - a +0 robe (worn)
 b - a +0 hat (worn)
Jewellery
 g - an amulet of magic regeneration (around neck)
Scrolls
 i - a scroll of enchant armour {!r}


   Skills:
 + Level 1.4 Fighting
 * Level 2.6 Dodging
 - Level 1.5 Stealth
 - Level 4.0 Spellcasting
 - Level 0.7 Conjurations
 - Level 0.7 Summonings
   Level 0.7 Translocations


You had one spell level left.
You knew the following spells:

 Your Spells              Type           Power        Failure   Level  Hunger
a - Magic Dart            Conj           #...         11%         1    N/A
b - Call Imp              Summ           #.......     17%         2    N/A
e - Mephitic Cloud        Conj/Pois/Air  #.......     38%         3    N/A
s - Conjure Flame         Conj/Fire      #.......     36%         3    N/A

Dungeon Overview and Level Annotations

Branches:
Dungeon (5/15)
 Temple: D:4-7

Altars:
Cheibriados

Annotations:
D:4 Karim's ghost, amateur GnIE; Robin


Innate Abilities, Weirdness & Mutations

You do not eat or drink.
Your flesh is vulnerable to fire.
You are immune to poison.
Your flesh is cold resistant. (rC+)
You are immune to negative energy. (rN+++)
You are immune to unholy pain and torment.
You can survive without breathing.


Message History

You start resting.
Magic restored.
You start resting.
An orc comes into view. It is wielding a hand axe.
Okay, then.
c - 50 stones (gained 16)
You start resting.
Karim's ghost (amateur Gnoll Ice Elementalist) comes into view.
It is wielding a weapon of venom.
Karim's ghost turns its malevolent gaze towards you.
Karim's ghost says, "Life is a curse, you will soon understand."
You open the door.
A scorpion comes into view.
Found a robe and a lumpy malachite amulet.
There is an open door here. 2 orcs come into view.
The orc shouts!
An orc comes into view.
The orc shouts!
You hear a shout!
An orc comes into view. It is wielding a morningstar.
There is an open door here.
Karim's ghost gestures at you while chanting.
The shard of ice misses you.
A necrophage comes into view.
The necrophage moves out of view.
An adder comes into view.
The adder hisses angrily.
A goblin comes into view. It is wielding a club.
The goblin shouts!
You hear a shout! x5 3 goblins and 2 hobgoblins come into view.
The goblin shouts!
The hobgoblin shouts! x2
The adder bites you but does no damage. 2 goblins come into view.
A goblin comes into view.
The goblin shouts!
You hear a shout!
The adder closely misses you. The goblin barely misses you.
A skeleton and Robin come into view.
Robin is wielding a whip of freezing.
The goblin hits you with a club. The goblin closely misses you.
Robin throws the goblin at you! The goblin hits you.
* * * LOW HITPOINT WARNING * * *
The goblin hits you.
* * * LOW HITPOINT WARNING * * *
You slash the goblin!
You kill the goblin!
You hit the goblin but do no damage. x2; You hit the goblin.
The goblin hits you with a dagger.
* * * LOW HITPOINT WARNING * * *
The goblin hits you.
* * * LOW HITPOINT WARNING * * *
The goblin barely misses you. The goblin hits you but does no damage.
Really read
d - a scroll of fear {!r}?
As you read the scroll of fear {!r}, it crumbles to dust.
You assume a fearsome visage.
Robin looks frightened!
The goblin looks frightened! x2; The hobgoblin looks frightened!
The goblin looks frightened! x2; The hobgoblin looks frightened!
The goblin looks frightened! x2; The hound skeleton is unaffected.
The scorpion looks frightened!
The adder looks frightened!
The orc looks frightened! x3; The necrophage is unaffected.
Karim's ghost is unaffected.
The hound skeleton barely misses you. The necrophage hits you!
* * * LOW HITPOINT WARNING * * *
You feel terrible.
Cornered, the goblin turns to fight!
The hound skeleton barely misses you. The necrophage hits you!
You die...

'.... #..# #.# #..#
###..####.#######..#
...gg..........#....
......g....... #...o
.....g..... #....
########..g##..###+##..#
#....g.#nZ.##..##..##..#
#.....g@.Wg...S.........
#......#.g..s.o.........
#......##############...
#####.. ##+# #.. #.. #..
#..


You could see a necrophage, a scorpion (fleeing), Karim's ghost, an adder
(fleeing), an orc (fleeing), 2 hobgoblins, 6 goblins and a hound skeleton.

Vanquished Creatures
  A hound (D:4)
  An adder (D:2)
  A ball python (D:1)
  A bat (D:1)
  4 goblins
  A kobold (D:2)
9 creatures vanquished.

Notes
Turn   | Place    | Note
-------+----------+-------------------------------------------
     0 | D:1      | Amnesiac the Mummy Wizard began the quest for the Orb.
     0 | D:1      | Reached XP level 1. HP: 13/13 MP: 5/5
   392 | D:2      | Reached skill level 1 in Fighting
   392 | D:2      | Reached XP level 2. HP: 17/21 MP: 0/7
   396 | D:2      | Learned a level 2 spell: Call Imp
   461 | D:2      | Found a snail-covered altar of Cheibriados.
   658 | D:5      | Entered Level 5 of the Dungeon
   780 | D:4      | Reached XP level 3. HP: 10/26 MP: 4/8
   785 | D:4      | Learned a level 3 spell: Conjure Flame
   789 | D:4      | Learned a level 3 spell: Mephitic Cloud
   835 | D:4      | Noticed Karim's ghost (amateur GnIE)
   841 | D:4      | Noticed a scorpion
   859 | D:4      | Noticed a necrophage
   865 | D:4      | Noticed Robin
   871 | D:4      | Slain by a necrophage

Vault maps used:
D:1:      dpeg_arrival_stonehenge_8_columns, serial_bayou_pond_d
D:2:      nicolae_overflow_hidden_temple, hangedman_decor_clover_reticule
D:3:      marbit_many_paths, first_ration, nemelex_lonely_heart_becter
D:4:      uniq_natasha, uniq_blork_the_orc, uniq_robin
D:5:      cheibrodos_barr_body, uniq_sigmund, uniq_duvessa

Skill      XL: |  1 |
---------------+----+-----
Fighting       | 1 |  1.4
Dodging        | 2 |  2.6
Stealth        | |  1.5
Spellcasting   | |  4.0
Conjurations   | |  0.7
Summonings     | |  0.7
Translocations | |  0.7

Action                   || total
-------------------------++-------
Melee: Hand axe          ||    10
       Unarmed           ||     1
 Cast: Magic Dart        ||    22
       Call Imp          ||     2
  Use: Scroll            ||     6
Armor: Robe              ||     6
Dodge: Dodged            ||    37

Table legend:
 A = Spawn XP
 B = Non-spawn XP
 C = Spawn XP percentage of total XP
 D = Spawn monster count
 E = Non-spawn monster count
 F = Spawn count percentage of total count
 G = Total turns spent on level
                    A         B        C        D         E        F      G
               +---------+---------+-------+---------+---------+-------+---------
         Total |       0 |      53 |   0.0 |       0 |       9 |   0.0 |   871
               +---------+---------+-------+---------+---------+-------+---------
           D:1 |       0 |       6 |   0.0 |       0 |       3 |   0.0 |   152
           D:2 |       0 |      17 |   0.0 |       0 |       3 |   0.0 |   444
           D:3 |       0 |       1 |   0.0 |       0 |       1 |   0.0 |    52
           D:4 |       0 |      29 |   0.0 |       0 |       2 |   0.0 |   206
               +---------+---------+-------+---------+---------+-------+---------
